Workbook
Name \0: #REF!
Name \0: #REF!
Name \00: #REF!
Name \00: #REF!
Name \a: #REF!
Name \a: #REF!
Name \AA: [1]LIQUIDACION!#REF!
Name \AA: [1]LIQUIDACION!#REF!
Name \b: [2]STRSUMM0!#REF!
Name \b: [2]STRSUMM0!#REF!
Name \bb: [2]STRSUMM0!#REF!
Name \bb: [2]STRSUMM0!#REF!
Name \E: #REF!
Name \E: #REF!
Name \EE: #REF!
Name \EE: #REF!
Name \G: #REF!
Name \G: #REF!
Name \k: '[3]7422CW00'!#REF!
Name \k: '[3]7422CW00'!#REF!
Name \l: [4]STRSUMM0!#REF!
Name \l: [4]STRSUMM0!#REF!
Name \M: #REF!
Name \M: #REF!
Name \ñ: '[5]7422CW00'!#REF!
Name \ñ: '[5]7422CW00'!#REF!
Name \P: #REF!
Name \P: #REF!
Name \R: #REF!
Name \R: #REF!
Name \s: #REF!
Name \s: #REF!
Name \V: #REF!
Name \V: #REF!
Name \X: [0]!ERR
Name \Z: [0]!ERR
Name _______________AFC1: [6]INV!$A$25:$D$28
Name _______________AFC3: [6]INV!$F$25:$I$28
Name _______________AFC5: [6]INV!$K$25:$N$28
Name _______________BGC1: [6]INV!$A$5:$D$8
Name _______________BGC3: [6]INV!$F$5:$I$8
Name _______________BGC5: [6]INV!$K$5:$N$8
Name _______________CAC1: [6]INV!$A$19:$D$22
Name _______________CAC3: [6]INV!$F$19:$I$22
Name _______________CAC5: [6]INV!$K$19:$N$22
Name _______________oa55: #REF!
Name _______________oa55: #REF!
Name _______________SBC1: [6]INV!$A$12:$D$15
Name _______________SBC3: [6]INV!$F$12:$I$15
Name _______________SBC5: [6]INV!$K$12:$N$15
Name ______________AFC1: [6]INV!$A$25:$D$28
Name ______________AFC3: [6]INV!$F$25:$I$28
Name ______________AFC5: [6]INV!$K$25:$N$28
Name ______________BGC1: [6]INV!$A$5:$D$8
Name ______________BGC3: [6]INV!$F$5:$I$8
Name ______________BGC5: [6]INV!$K$5:$N$8
Name ______________CAC1: [6]INV!$A$19:$D$22
Name ______________CAC3: [6]INV!$F$19:$I$22
Name ______________CAC5: [6]INV!$K$19:$N$22
Name ______________oa55: #REF!

Sheet Presupuesto Oficial
A2: INSTITUTO FINANCIERO PARA EL DESARROLLO DE SANTANDER
A3: MINIMA CUANTÍA
A4: XXXXXXXXXXXXXXXX
A6: REMOCIÓN DE DERRUMBES EXISTENTES POR EL SISTEMA DE MONTO AGOTABLE EN LAS VÍAS A CARGO DEL INSTITUTO FINANCIERO PARA EL DESARROLLO DE SANTANDER – IDESAN
A7: FORMULARIO 1
A8: PRESUPUESTO OFICIAL
A10: [Las Entidades Estatales deben usar el presente formulario para determinar el Presupuesto Oficial del Proceso de Contratación y solo pueden modificar o ajustar aquello que en este se permite expresamente] [El presente formulario aplica para los procesos de contratación que tengan como forma de pago precios unitarios. Tratándose de otras modalidades de precio, la Entidad debe ajustarlo cuando corresponde a: precio global, llave en mano, administración delegada, reembolso de gastos o cualquier otra forma de precio.]
A12: Adicionalmente, cuando el proceso de contratación es estructurado por precios unitarios, la Entidad debe aplicar las notas 1, 2 y 3 del presente formulario y las casillas de "Descripción", "Porcentaje" de la Administración, Imprevisto, Utilidad y total A.I.U. resaltadas en color amarillo. Tratándose de otras modalidades de precio, la Entidad puede o no configurar los mismos aspectos.
A14: Nº | B14: ÍTEM DE PAGO | C14: ESPECIFICACIONES | E14: DESCRIPCIÓN | F14: UND. | G14: CANTIDAD | H14: VALOR UNITARIO DE REFERENCIA DE LA ENTIDAD | I14: VALOR UNITARIO OFRECIDO SIN AIU OFRECIDO | J14: VALOR UNITARIO OFRECIDO + AIU OFRECIDO | K14: VALOR TOTAL
C15: GENERAL | D15: PARTICULAR
A17: 3 | B17: 211.1 | C17: 211-13 | E17: Remoción de derrumbes Mayores. (No incluye Disposición Final) | F17: m3 | G17: 356 | H17: ='211,1'!L74 -> 7909 | I17: =+'211,1'!L64 -> 6178.9383 | J17: =+H17 -> 7909 | K17: =G17*H17 -> 2815604
A18: 4 | B18: 211.2P | C18: 211-13 | D18: 211.2P | E18: Remoción de derrumbes Menores. (No incluye Disposición Final) | F18: m3 | G18: 355 | H18: ='211,2P'!L74 -> 16849 | I18: =+'211,2P'!L64 -> 13163.323 | J18: =+H18 -> 16849 | K18: =G18*H18 -> 5981395
A19: 5 | B19: 211.3P | C19: 211-13 | D19: 211.3P | E19: Disposición de desechos en Botadero Oficial | F19: m3 | G19: =G17+G18 -> 711 | H19: ='211,3P'!L74 -> 6400 | I19: =+'211,3P'!L64 -> 5000 | J19: =+H19 -> 6400 | K19: =G19*H19 -> 4550400
A20: 8 | B20: 900.3 | C20: 900-13 | E20: Transporte de materiales proveniente de derrumbes, medido a partir de cien metros (100m) | F20: m³-km | G20: =+G19*10 -> 7110 | H20: ='900.3'!L76 -> 1862 | I20: =+'900.3'!L66 -> 1454.5455 | J20: =+H20 -> 1862 | K20: =G20*H20 -> 13238820
A21: Subtotal | K21: =SUM(K17:K20) -> 26586219
A22: SUBTOTAL OBRAS | K22: =K21 -> 26586219
E24: VALOR BASICO DEL CONTRATO | K24: =K22 -> 26586219
E25: VALOR IVA (OBRA) (19% SOBRE UTILIDAD OBRA ) | K25: =+ROUND((K24)/(1+K35)*K34*0.19,0) -> 197320
E26: SUBTOTAL OBRAS (INCLUYE IVA) | K26: =K24+K25 -> 26783539
E27: PROVISION PARA IMPLEMENTACION DE PROTOCOLOS DE BIOSEGURIDAD (Incluye Valor IVA) | K27: 1000000
E28: VALOR TOTAL | K28: =K26+K27 -> 27783539
A31: NOTA 1: Se debe tener en cuenta que el PRECIO UNITARIO incluye el valor de A.I.U. | F31: DESCRIPCION | K31: PORCENTAJE
A32: NOTA 2: Cuando la fracción decimal del peso sea igual o superior a 5 se aproximará por exceso al número entero siguiente del peso y cuando la fracción decimal del peso sea inferior a 5 se aproximará por defecto al número entero del peso. | F32: ADMINISTRACIÓN | J32: A= | K32: 0.22
A33: NOTA 3: El A.I.U y su discriminación deben estar en porcentaje (%). | F33: IMPREVISTO | J33: I= | K33: 0.01
A34: NOTA 4: El control de tráfico temporal (controladores de trafico) y la señalización provisional necesarios para la ejecución de las obras será por cuenta y riesgo del contratista. | F34: UTILIDAD | J34: U= | K34: 0.05
A35: NOTA 5: Si el valor del A.I.U. presentado es menor al NOVENTA por ciento (90%) o mayor al Ciento diez por ciento (110%) del Valor Oficial del Porcentaje de A.I.U., establecido en el formulario No 1 "presupuesto oficial", la propuesta será rechazada | F35: TOTAL A.I.U | J35: A.I.U.= | K35: 0.28

Sheet Propuesta Económica
A1: FORMULARIO 1
A2: PRESUPUESTO OFICIAL
A4: [Los proponentes deben usar el presente formulario para determinar su propuesta económica conforme al Formulario 1 - Presupuesto Oficial publicado por la Entidad] [El presente formato aplica para los procesos de contratación que tengan como forma de pago precios unitarios, la Entidad debe ajustarlo cuando la modalidad de pago corresponde a: precio global, llave en mano, administración delegada, reembolso de gastos o cualquier otra forma de pago.]
A6: Cuando el proceso de contratación es estructurado por precios unitarios, la Entidad debe aplicar las notas 1, 2 y 3 del presente formato y las casillas de "Descripción", "Porcentaje" de la Administración, Imprevisto, Utilidad y total A.I.U. resaltadas en color amarillo.
A8: Nº | B8: ÍTEM DE PAGO | C8: ESPECIFICACIONES | E8: DESCRIPCIÓN | F8: UND. | G8: CANTIDAD | H8: VALOR UNITARIO | I8: VALOR TOTAL
C9: GENERAL | D9: PARTICULAR
A32: Subtotal
A33: SUBTOTAL OBRAS
E35: VALOR IVA (19% SOBRE UTILIDADES)
E36: SUBTOTAL OBRAS (INCLUYE IVA)
E37: Provision para implementacion de protocolos de bioseguridad (según especificacion INVIAS)
E40: VALOR TOTAL
A43: NOTA 1: Se debe tener en cuenta que el PRECIO UNITARIO incluye el valor de A.I.U. | F43: DESCRIPCIÓN | I43: PORCENTAJE
A44: NOTA 2: Cuando la fracción decimal del peso sea igual o superior a 5 se aproximará por exceso al número entero siguiente del peso y cuando la fracción decimal del peso sea inferior a 5 se aproximará por defecto al número entero del peso. | F44: ADMINISTRACIÓN | H44: A= | I44: [Ofrecimiento del Proponente]
A45: NOTA 3: El A.I.U y su discriminación deben estar en porcentaje (%). | F45: IMPREVISTO | H45: I= | I45: [Ofrecimiento del Proponente]
A46: NOTA 4: El control de tráfico temporal (controladores de trafico) y la señalización provisional necesarios para la ejecución de las obras será por cuenta y riesgo del contratista. | F46: UTILIDAD | H46: U= | I46: [Ofrecimiento del Proponente]
A47: NOTA 5: Si el valor del A.I.U. presentado es menor al NOVENTA por ciento (90%) o mayor al Ciento diez por ciento (110%) del Valor Oficial del Porcentaje de A.I.U., establecido en el formulario No 1 "presupuesto oficial", la propuesta será rechazada | F47: TOTAL A.I.U | H47: A.I.U.= | I47: [Ofrecimiento del Proponente]
A48: NOTA 6: [Excepcionalmente la Entidad podrá incluir esta nota con el fin de aclarar aspectos relacionados con ítems o descripciones de pago que tengan características particulares (por ejemplo, cuando se realicen a través de monto agotable o global), siempre que no contravengan lo establecido en los Documentos Tipo]
D52: Firma del Proponente o de su Representante Legal

Sheet Indicar código del item de pago
A1: FORMULARIO 1
A2: PRESUPUESTO OFICIAL
A4: [La entidad podrá utilizar este formato para la presentación de los análisis de precios unitarios del contratista en la oportunidad prevista en el numeral 8.2. del Documento Base]
B6: [NOMBRE DE LA ENTIDAD]
J7: VERSIÓN
B8: [NÚMERO DEL PROCESO]
B9: ANALISIS DE PRECIOS UNITARIOS | J9: PÁGINA | K9: 1 | L9: DE | M9: 1
J12: FECHA | K12: DD | L12: MM | M12: AA
A14: ÍTEMS DE LA PROPUESTA ECONÓMICA | G14: ÍTEMS NO PREVISTOS
A18: DATOS ESPECÍFICOS
A20: ÍTEM | B20: DESCRIPCIÓN | K20: UNIDAD | M20: CANTIDAD
A22: I. EQUIPO
A25: DESCRIPCIÓN | F25: MARCA | H25: TIPO | J25: TARIFA/HORA | K25: RENDIMIENTO | M25: Vr. UNITARIO
A29: SUBTOTAL $
A30: II. MATERIALES
A33: DESCRIPCIÓN | I33: UNIDAD | J33: CANTIDAD | K33: PRECIO UNIT. | M33: Vr. UNITARIO
A36: SUBTOTAL $ | M36: 0
A37: III. TRANSPORTES
A40: MATERIAL | H40: VOL. o PESO | I40: DISTANCIA | J40: M3 o Ton/Km | K40: TARIFA | M40: Vr. UNITARIO
A43: SUBTOTAL $
A44: IV. MANO DE OBRA
A47: TRABAJADOR | H47: JORNAL | I47: PRESTACIONES | J47: JORNAL TOTAL | K47: RENDIMIENTO | M47: Vr. UNITARIO
A52: SUBTOTAL $
A54: TOTAL COSTO DIRECTO $
A55: V. COSTOS INDIRECTOS
A58: Descripción | J58: Porcentaje | K58: Valor Total
A59: ADMINISTRACION
A60: IMPREVISTOS
A61: UTILIDAD
A62: SUBTOTAL $
A64: Precio Unitario Total Aproximado al peso $
F68: Firma
F69: Nombre:
F70: Representante Legal del Contratista o su Apoderado
F71: Matricula No. :
A73: OBSERVACIONES INTERVENTORÍA O SUPERVISIÓN
A77: APROBACIÓN POR LA INTERVENTORÍA O SUPERVISIÓN
A78: Nota 1: Cuando se trate de análisis de precios unitarios correspondientes a ítems de la propuesta económica aprobada, el interventor o supervisor aprueba el desglose de los componentes manteniendo el mismo precio unitario de cada ítem, cumpliendo con las especificaciones de construcción vigentes para el proyecto.
A80: Nota 2: Cuando se trate de Análisis de precios unitarios de ítems no previstos, el Interventor aprueba el desglose y precio unitario de cada ítem no previsto, exigiendo la aplicación de los costos correspondientes a insumos y tarifas de la propuesta económica inicial cuando estén contemplados, cumpliendo con las especificaciones de construcción vigente para el proyecto.
F83: Firma
F84: Nombre:
F85: Representante legal del interventor o su apoderado o firma del supervisor
F86: Matricula No. :

Sheet 211,1
I1: CÓDIGO | J1: MINFRA-MN-IN-10-FR-1
B2: Instituto Financiero para el Desarrollo de Santander
B3: IDESAN | I3: VERSIÓN | J3: 1
B5: ANÁLISIS DE PRECIOS UNITARIOS | I5: PÁGINA | J5: 1 | K5: DE | L5: 1
I8: FECHA
J9: (Día) | K9: (Mes) | L9: (Año)
A10: ITEMS DE LA PROPUESTA ECONÓMICA | G10: ITEMS NO PREVISTOS
A13: CONTRATO No. | C13: DE
A14: OBJETO DEL CONTRATO:
A17: CARRETERA: | H17: SECTOR:
A19: CONTRATISTA:
A21: INTERVENTOR: | I21: CTO No.: | K21: DE
A23: FECHA CIERRE PROCESO DE SELECCIÓN CONTRATO DE OBRA:
E24: (Día) | G24: (Mes) | H24: (Año)
A26: DATOS ESPECÍFICOS
A28: ITEM | B28: DESCRIPCIÓN | I28: GRUPO DE AJUSTE | J28: UNIDAD | L28: CANTIDAD
A29: 211.1 | B29: Remoción de derrumbes Mayores (No incluye Disposición Final ) | J29: m3
A31: I. EQUIPO
A33: DESCRIPCIÓN | G33: TIPO | I33: TARIFA/HORA | J33: RENDIMIENTO | L33: Vr. UNITARIO
A34: Cargador : Potencia en el volante 110 hp, Clasificación de RPM del motor 2300. | I34: 180000 | J34: 56 | L34: =+I34/J34 -> 3214.2857
A38: HERRAMIENTA MENOR | J38: 0.1 | L38: =+J38*L62 -> 114.96842
A39: SUBTOTAL $ | L39: =SUM(L34:L38) -> 3329.2541
A41: II. MATERIALES
A43: DESCRIPCIÓN | H43: UNIDAD | I43: CANTIDAD | J43: PRECIO UNIT. | L43: Vr. UNITARIO
A44: Señal Temporal | H44: UNIDAD | I44: 1 | J44: 1700 | L44: =+I44*J44 -> 1700
A46: SUBTOTAL $ | L46: =SUM(L44:L45) -> 1700
A48: III. TRANSPORTES
A50: MATERIAL | F50: UNIDAD | G50: CANTIDAD (1) | H50: DISTANCIA (2) | I50: CANTIDAD * DISTANCIA (1) * (2) | J50: TARIFA | L50: Vr. UNITARIO
A53: SUBTOTAL $ | L53: =SUM(L51:L52) -> 0
A55: IV. MANO DE OBRA
A57: DESCRIPCIÓN | G57: JORNAL | H57: PRESTACIONES | I57: JORNAL TOTAL | J57: RENDIMIENTO | L57: Vr. UNITARIO
A58: OBREROS (2) | G58: 89200 | H58: 1.85 | I58: =+G58*H58 -> 165020 | J58: 448 | L58: =+I58/J58 -> 368.34821
A59: PALETEROS (2) | G59: 109500 | H59: 1.85 | I59: =+G59*H59 -> 202575 | J59: 448 | L59: =+I59/J59 -> 452.17634
A60: Oficial | G60: 79710 | H60: 1.85 | I60: =+G60*H60 -> 147463.5 | J60: 448 | L60: =+I60/J60 -> 329.1596
A62: SUBTOTAL $ | L62: =SUM(L58:L61) -> 1149.6842
A64: TOTAL COSTO DIRECTO $ | L64: =+L39+L46+L53+L62 -> 6178.9383
A66: V. COSTOS INDIRECTOS
A68: DESCRIPCIÓN | I68: Porcentaje | J68: Valor Total
A69: ADMINISTRACIÓN | I69: 0.22 | J69: =+I69*$L$64 -> 1359.3664
A70: IMPREVISTOS | I70: 0.01 | J70: =+I70*$L$64 -> 61.789383
A71: UTILIDAD | I71: 0.05 | J71: =+I71*$L$64 -> 308.94691
A72: SUBTOTAL $ | L72: =SUM(J69:K71) -> 1730.1027
A74: Precio Unitario Total Aproximado al peso $ | L74: =ROUND(L64+L72,0) -> 7909
D79: Firma
D80: Nombre:
D81: Representante Legal del Contratista o su Apoderado
D82: Matricula No. :
A84: OBSERVACIONES INTERVENTORÍA:
A90: APROBACIÓN POR INTERVENTORÍA
A91: Nota 1: Cuando se trate de Análisis de precios unitarios correspondientes a ítems de la propuesta económica aprobada, el Interventor aprueba el desglose de los componentes manteniendo el mismo precio unitario de cada ítem, cumpliendo con las especificaciones de construcción vigentes para el proyecto.
A93: Nota 2: Cuando se trate de Análisis de precios unitarios de ítems no previstos, el Interventor aprueba el desglose y precio unitario de cada ítem no previsto, exigiendo la aplicación de los costos correspondientes a insumos y tarifas de la propuesta económica inicial cuando estén contemplados, cumpliendo con las especificaciones de construcción vigente para el proyecto.
D99: Firma
D100: Nombre:
D101: Representante Legal del Interventor o su Apoderado
D102: Matricula No. :
A104: Original: Archivo de Gestión del Contrato (Subdirección Administrativa).
A105: Copias: Unidad Ejecutora, Contratista, Interventor y Dirección Territorial.

Sheet 211,2P
I1: CÓDIGO | J1: MINFRA-MN-IN-10-FR-1
B2: Instituto Financiero para el Desarrollo de Santander
B3: IDESAN | I3: VERSIÓN | J3: 1
B5: ANÁLISIS DE PRECIOS UNITARIOS | I5: PÁGINA | J5: 1 | K5: DE | L5: 1
I8: FECHA
J9: (Día) | K9: (Mes) | L9: (Año)
A10: ITEMS DE LA PROPUESTA ECONÓMICA | G10: ITEMS NO PREVISTOS
A13: CONTRATO No. | C13: DE
A14: OBJETO DEL CONTRATO:
A17: CARRETERA: | H17: SECTOR:
A19: CONTRATISTA:
A21: INTERVENTOR: | I21: CTO No.: | K21: DE
A23: FECHA CIERRE PROCESO DE SELECCIÓN CONTRATO DE OBRA:
E24: (Día) | G24: (Mes) | H24: (Año)
A26: DATOS ESPECÍFICOS
A28: ITEM | B28: DESCRIPCIÓN | I28: GRUPO DE AJUSTE | J28: UNIDAD | L28: CANTIDAD
A29: 211,2P | B29: Remoción de derrumbes Menores. (No incluye Disposición Final ) | J29: m3
A31: I. EQUIPO
A33: DESCRIPCIÓN | G33: TIPO | I33: TARIFA/HORA | J33: RENDIMIENTO | L33: Vr. UNITARIO
A34: Cargador : Potencia en el volante 110 hp, Clasificación de RPM del motor 2300. | I34: 180000 | J34: 20 | L34: =+I34/J34 -> 9000
A38: HERRAMIENTA MENOR | J38: 0.1 | L38: =+J38*L62 -> 223.93848
A39: SUBTOTAL $ | L39: =SUM(L34:L38) -> 9223.9385
A41: II. MATERIALES
A43: DESCRIPCIÓN | H43: UNIDAD | I43: CANTIDAD | J43: PRECIO UNIT. | L43: Vr. UNITARIO
A44: Señal Temporal | H44: UNIDAD | I44: 1 | J44: 1700 | L44: =+I44*J44 -> 1700
A46: SUBTOTAL $ | L46: =SUM(L44:L45) -> 1700
A48: III. TRANSPORTES
A50: MATERIAL | F50: UNIDAD | G50: CANTIDAD (1) | H50: DISTANCIA (2) | I50: CANTIDAD * DISTANCIA (1) * (2) | J50: TARIFA | L50: Vr. UNITARIO
A53: SUBTOTAL $ | L53: =SUM(L51:L52) -> 0
A55: IV. MANO DE OBRA
A57: DESCRIPCIÓN | G57: JORNAL | H57: PRESTACIONES | I57: JORNAL TOTAL | J57: RENDIMIENTO | L57: Vr. UNITARIO
A58: OBREROS (2) | G58: 89200 | H58: 1.85 | I58: =+G58*H58 -> 165020 | J58: 230 | L58: =+I58/J58 -> 717.47826
A59: PALETEROS (2) | G59: 109500 | H59: 1.85 | I59: =+G59*H59 -> 202575 | J59: 230 | L59: =+I59/J59 -> 880.76087
A60: Oficial | G60: 79710 | H60: 1.85 | I60: =+G60*H60 -> 147463.5 | J60: 230 | L60: =+I60/J60 -> 641.14565
A62: SUBTOTAL $ | L62: =SUM(L58:L61) -> 2239.3848
A64: TOTAL COSTO DIRECTO $ | L64: =+L39+L46+L53+L62 -> 13163.323
A66: V. COSTOS INDIRECTOS
A68: DESCRIPCIÓN | I68: Porcentaje | J68: Valor Total
A69: ADMINISTRACIÓN | I69: 0.22 | J69: =I69*L64 -> 2895.9311
A70: IMPREVISTOS | I70: 0.01 | J70: =I70*L64 -> 131.63323
A71: UTILIDAD | I71: 0.05 | J71: =I71*L64 -> 658.16616
A72: SUBTOTAL $ | L72: =SUM(J69:K71) -> 3685.7305
A74: Precio Unitario Total Aproximado al peso $ | L74: =ROUND(L64+L72,0) -> 16849
D79: Firma
D80: Nombre:
D81: Representante Legal del Contratista o su Apoderado
D82: Matricula No. :
A84: OBSERVACIONES INTERVENTORÍA:
A90: APROBACIÓN POR INTERVENTORÍA
A91: Nota 1: Cuando se trate de Análisis de precios unitarios correspondientes a ítems de la propuesta económica aprobada, el Interventor aprueba el desglose de los componentes manteniendo el mismo precio unitario de cada ítem, cumpliendo con las especificaciones de construcción vigentes para el proyecto.
A93: Nota 2: Cuando se trate de Análisis de precios unitarios de ítems no previstos, el Interventor aprueba el desglose y precio unitario de cada ítem no previsto, exigiendo la aplicación de los costos correspondientes a insumos y tarifas de la propuesta económica inicial cuando estén contemplados, cumpliendo con las especificaciones de construcción vigente para el proyecto.
D99: Firma
D100: Nombre:
D101: Representante Legal del Interventor o su Apoderado
D102: Matricula No. :
A104: Original: Archivo de Gestión del Contrato (Subdirección Administrativa).
A105: Copias: Unidad Ejecutora, Contratista, Interventor y Dirección Territorial.

Sheet 211,3P
I1: CÓDIGO | J1: MINFRA-MN-IN-10-FR-1
B2: Instituto Financiero para el Desarrollo de Santander
B3: IDESAN | I3: VERSIÓN | J3: 1
B5: ANÁLISIS DE PRECIOS UNITARIOS | I5: PÁGINA | J5: 1 | K5: DE | L5: 1
I8: FECHA
J9: (Día) | K9: (Mes) | L9: (Año)
A10: ITEMS DE LA PROPUESTA ECONÓMICA | G10: ITEMS NO PREVISTOS
A13: CONTRATO No. | C13: DE
A14: OBJETO DEL CONTRATO:
A17: CARRETERA: | H17: SECTOR:
A19: CONTRATISTA:
A21: INTERVENTOR: | I21: CTO No.: | K21: DE
A23: FECHA CIERRE PROCESO DE SELECCIÓN CONTRATO DE OBRA:
E24: (Día) | G24: (Mes) | H24: (Año)
A26: DATOS ESPECÍFICOS
A28: ITEM | B28: DESCRIPCIÓN | I28: GRUPO DE AJUSTE | J28: UNIDAD | L28: CANTIDAD
A29: 211,3P | B29: Disposición de desechos en Botadero Oficial | J29: m3
A31: I. EQUIPO
A33: DESCRIPCIÓN | G33: TIPO | I33: TARIFA/HORA | J33: RENDIMIENTO | L33: Vr. UNITARIO
L38: 0
A39: SUBTOTAL $ | L39: =SUM(L34:L38) -> 0
A41: II. MATERIALES
A43: DESCRIPCIÓN | H43: UNIDAD | I43: CANTIDAD | J43: PRECIO UNIT. | L43: Vr. UNITARIO
A44: Disposición de Desechos(Derechos de Botadero) | H44: m3 | I44: 1 | J44: 5000 | L44: =+I44*J44 -> 5000
A46: SUBTOTAL $ | L46: =SUM(L44:L45) -> 5000
A48: III. TRANSPORTES
A50: MATERIAL | F50: UNIDAD | G50: CANTIDAD (1) | H50: DISTANCIA (2) | I50: CANTIDAD * DISTANCIA (1) * (2) | J50: TARIFA | L50: Vr. UNITARIO
A53: SUBTOTAL $ | L53: =SUM(L51:L52) -> 0
A55: IV. MANO DE OBRA
A57: DESCRIPCIÓN | G57: JORNAL | H57: PRESTACIONES | I57: JORNAL TOTAL | J57: RENDIMIENTO | L57: Vr. UNITARIO
A62: SUBTOTAL $ | L62: =SUM(L58:L61) -> 0
A64: TOTAL COSTO DIRECTO $ | L64: =+L39+L46+L53+L62 -> 5000
A66: V. COSTOS INDIRECTOS
A68: DESCRIPCIÓN | I68: Porcentaje | J68: Valor Total
A69: ADMINISTRACIÓN | I69: 0.22 | J69: =I69*L64 -> 1100
A70: IMPREVISTOS | I70: 0.01 | J70: =I70*L64 -> 50
A71: UTILIDAD | I71: 0.05 | J71: =I71*L64 -> 250
A72: SUBTOTAL $ | L72: =SUM(J69:K71) -> 1400
A74: Precio Unitario Total Aproximado al peso $ | L74: =ROUND(L64+L72,0) -> 6400
D79: Firma
D80: Nombre:
D81: Representante Legal del Contratista o su Apoderado
D82: Matricula No. :
A84: OBSERVACIONES INTERVENTORÍA:
A90: APROBACIÓN POR INTERVENTORÍA
A91: Nota 1: Cuando se trate de Análisis de precios unitarios correspondientes a ítems de la propuesta económica aprobada, el Interventor aprueba el desglose de los componentes manteniendo el mismo precio unitario de cada ítem, cumpliendo con las especificaciones de construcción vigentes para el proyecto.
A93: Nota 2: Cuando se trate de Análisis de precios unitarios de ítems no previstos, el Interventor aprueba el desglose y precio unitario de cada ítem no previsto, exigiendo la aplicación de los costos correspondientes a insumos y tarifas de la propuesta económica inicial cuando estén contemplados, cumpliendo con las especificaciones de construcción vigente para el proyecto.
D99: Firma
D100: Nombre:
D101: Representante Legal del Interventor o su Apoderado
D102: Matricula No. :
A104: Original: Archivo de Gestión del Contrato (Subdirección Administrativa).
A105: Copias: Unidad Ejecutora, Contratista, Interventor y Dirección Territorial.

Sheet 900.3
I1: CÓDIGO | J1: MINFRA-MN-IN-10-FR-1
B2: Instituto Financiero para el Desarrollo de Santander
B3: IDESAN | I3: VERSIÓN | J3: 1
B5: ANÁLISIS DE PRECIOS UNITARIOS | I5: PÁGINA | J5: 1 | K5: DE | L5: 1
I8: FECHA
J9: (Día) | K9: (Mes) | L9: (Año)
A10: ITEMS DE LA PROPUESTA ECONÓMICA | G10: ITEMS NO PREVISTOS
A13: CONTRATO No. | C13: DE
A14: OBJETO DEL CONTRATO:
A17: CARRETERA: | H17: SECTOR:
A19: CONTRATISTA:
A21: INTERVENTOR: | I21: CTO No.: | K21: DE
A23: FECHA CIERRE PROCESO DE SELECCIÓN CONTRATO DE OBRA:
E24: (Día) | G24: (Mes) | H24: (Año)
A26: DATOS ESPECÍFICOS
A28: ITEM | B28: DESCRIPCIÓN | I28: GRUPO DE AJUSTE | J28: UNIDAD | L28: CANTIDAD
A29: 900.3 | B29: Transporte de materiales proveniente de derrumbes, medido a partir de cien metros (100m) | J29: m3-km
A31: I. EQUIPO
A33: DESCRIPCIÓN | G33: TIPO | I33: TARIFA/HORA | J33: RENDIMIENTO | L33: Vr. UNITARIO
A34: Volqueta 14 m3 | I34: 80000 | J34: 55 | L34: =+I34/J34 -> 1454.5455
A38: HERRAMIENTA MENOR (%) | J38: 0.1 | L38: =+J38*L64 -> 0
A39: SUBTOTAL $ | L39: =SUM(L34:L38) -> 1454.5455
A41: II. MATERIALES
A43: DESCRIPCIÓN | H43: UNIDAD | I43: CANTIDAD | J43: PRECIO UNIT. | L43: Vr. UNITARIO
L44: 0
L45: 0
L46: 0
L47: 0
A48: SUBTOTAL $ | L48: =SUM(L44:L47) -> 0
A50: III. TRANSPORTES
A52: MATERIAL | F52: UNIDAD | G52: CANTIDAD (1) | H52: DISTANCIA (2) | I52: CANTIDAD * DISTANCIA (1) * (2) | J52: TARIFA | L52: Vr. UNITARIO
L53: 0
A55: SUBTOTAL $ | L55: =SUM(L53:L54) -> 0
A57: IV. MANO DE OBRA
A59: DESCRIPCIÓN | G59: JORNAL | H59: PRESTACIONES | I59: JORNAL TOTAL | J59: RENDIMIENTO | L59: Vr. UNITARIO
A64: SUBTOTAL $ | L64: =SUM(L60:L63) -> 0
A66: TOTAL COSTO DIRECTO $ | L66: =+L39+L48+L55+L64 -> 1454.5455
A68: V. COSTOS INDIRECTOS
A70: DESCRIPCIÓN | I70: Porcentaje | J70: Valor Total
A71: ADMINISTRACIÓN | I71: 0.22 | J71: =I71*L66 -> 320
A72: IMPREVISTOS | I72: 0.01 | J72: =I72*L66 -> 14.545455
A73: UTILIDAD | I73: 0.05 | J73: =I73*L66 -> 72.727273
A74: SUBTOTAL $ | L74: =SUM(J71:K73) -> 407.27273
A76: Precio Unitario Total Aproximado al peso $ | L76: =ROUND(L66+L74,0) -> 1862
D81: Firma
D82: Nombre:
D83: Representante Legal del Contratista o su Apoderado
D84: Matricula No. :
A86: OBSERVACIONES INTERVENTORÍA:
A92: APROBACIÓN POR INTERVENTORÍA
A93: Nota 1: Cuando se trate de Análisis de precios unitarios correspondientes a ítems de la propuesta económica aprobada, el Interventor aprueba el desglose de los componentes manteniendo el mismo precio unitario de cada ítem, cumpliendo con las especificaciones de construcción vigentes para el proyecto.
A95: Nota 2: Cuando se trate de Análisis de precios unitarios de ítems no previstos, el Interventor aprueba el desglose y precio unitario de cada ítem no previsto, exigiendo la aplicación de los costos correspondientes a insumos y tarifas de la propuesta económica inicial cuando estén contemplados, cumpliendo con las especificaciones de construcción vigente para el proyecto.
D101: Firma
D102: Nombre:
D103: Representante Legal del Interventor o su Apoderado
D104: Matricula No. :
A106: Original: Archivo de Gestión del Contrato (Subdirección Administrativa).
A107: Copias: Unidad Ejecutora, Contratista, Interventor y Dirección Territorial.
